 Dungeon Sprint DCSS version 0.21-a0-221-gfe971b9 (webtiles) character file.

8893 Kidiri the Fighter (level 11, -15/99 HPs)
             Began as a Minotaur Abyssal Knight on Aug 25, 2017.
             Was the Champion of Lugonu.
             Killed from afar by a molten gargoyle (24 damage)
             ... with a bolt of magma
             ... in the Dungeon (Sprint VII: "The Pits").
             The game lasted 00:14:33 (2580 turns).

Kidiri the Fighter (Minotaur Abyssal Knight)        Turns: 2580, Time: 00:14:34

Health: -15/99     AC: 24    Str: 23    XL:     11   Next: 15%
Magic:  16/16      EV: 12    Int: 12    God:    Lugonu [******]
Gold:   0          SH:  0    Dex: 10    Spells: 10/10 levels left

rFire    . . .     SeeInvis +   a - +2 war axe (chop)
rCold    . . .     Gourm    .   (no shield)
rNeg     . . .     Faith    .   b - +3 plate armour
rPois    +         Spirit   .   (helmet restricted)
rElec    +         Reflect  .   (no cloak)
rCorr    .         Harm     .   t - +0 pair of gloves
MR       .....     NoTele   +   (no boots)
Stlth    ..........             (no amulet)
HPRegen  0.26/turn              q - +3 ring of protection
MPRegen  0.15/turn              u - ring "Duhahul" {Wiz Str+3 Int+3 SInv}

@: drained
A: retaliatory headbutt, horns 2, talons 1, frail 1, poison resistance,
electricity resistance
a: Bend Space, Banish, Corrupt, Brand Weapon With Distortion, Renounce Religion


You were in the Dungeon.
You worshipped Lugonu.
Lugonu was exalted by your worship.
You were not hungry.

You visited 1 branch

Inventory:

Hand Weapons
 a - a +2 war axe of chopping (weapon)
Armour
 b - a +3 plate armour (worn)
 t - a +0 pair of gloves (worn)
Jewellery
 q - a +3 ring of protection (left hand)
 r - a +3 ring of intelligence
 u - the ring "Duhahul" (right hand) {Wiz Str+3 Int+3 SInv}
   (You found it in the Dungeon)

   [ring of wizardry]

   It improves your spell success rate.
   It affects your strength (+3).
   It affects your intelligence (+3).
   It lets you see invisible.
Scrolls
 i - a scroll of blinking
 k - 3 scrolls of remove curse
 l - 5 scrolls of amnesia
 m - a scroll of summoning
Potions
 d - 6 potions of curing
 e - a potion of heal wounds
 f - 3 potions of haste
 g - 4 potions of magic
 h - 2 potions of berserk rage
 j - 2 potions of invisibility
 s - a potion of resistance
Comestibles
 c - 8 bread rations
 n - 29 fruits
 o - 7 meat rations


   Skills:
 * Level 14.6(14.3) Fighting
 * Level 14.5(14.2) Axes
 + Level 8.8(8.5) Throwing
 * Level 14.4(14.2) Armour
 * Level 13.3(13.0) Dodging
 + Level 9.1(8.8) Invocations


You had 10 spell levels left.
You didn't know any spells.

Dungeon Overview and Level Annotations

Branches:
Dungeon (1/1)

Altars:
Ashenzari
Cheibriados
Dithmenos
Elyvilon
Fedhas
Gozag
Hepliaklqana
Kikubaaqudgha
Makhleb
Nemelex Xobeh
Okawaru
Qazlal
Ru
Sif Muna
Trog
Uskayaw
Vehumet
Wu Jian
Xom
Yredelemnul
Zin
The Shining One
Beogh
Jiyva
Lugonu

Annotations:
D Eustachio


Innate Abilities, Weirdness & Mutations

You reflexively headbutt those who attack you in melee.
You have a pair of horns on your head.
You have sharp toenails.
You are frail. (-10% HP)
Your system is resistant to poisons. (rPois)
You are resistant to electric shocks. (rElec)


Message History

The molten gargoyle blasts magma at you!
The bolt of magma hits you!
* * * LOW HITPOINT WARNING * * *
You closely miss the hell rat. Your kick misses the hell rat.
You headbutt the hell rat.
The hell rat is almost dead.
You hit the molten gargoyle but do no damage.
The hell rat completely misses you.
The molten gargoyle blasts magma at you!
The bolt of magma hits you!
* * * LOW HITPOINT WARNING * * *
You feel much better. The hell rat closely misses you. You furiously retaliate!
You headbutt the hell rat.
You kill the hell rat!
The gargoyle hurls a stone arrow at you.
The stone arrow hits you!
* * * LOW HITPOINT WARNING * * *
The molten gargoyle blasts magma at you!
The bolt of magma hits you!
You die...

############### ####
..............###..# ..
#..............#..## #.#
###...#+######...## ....
..#####.##...##+## #.#.#
....##...#...#...#......
.....#...#...#...#......
.)...'.).'...').9)93....
.)...#...#...#..@#§.....
....##...#...#...#.§....
..#####.##...##+## #.#.#
###...#+######...## ....
#...)).........#.)## #@#
..........o...###..# ..
############### ####


You could see a smoke demon, a molten gargoyle and a gargoyle.

Vanquished Creatures
  A death yak (D)
  An orc high priest (D)
  A fire crab (D)
  2 deep elf magi (D)
  An orc sorcerer (D)
  Joseph (D)
  2 black mambas (D)
  An orange demon (D)
  A kobold demonologist (D)
  2 hellwings (D)
  A freezing wraith (D)
  A demonic crawler (D)
  2 ice devils (D)
  A red devil (D)
  3 blink frogs (D)
  A water elemental (D)
  A spriggan (D)
  A tarantella (D)
  2 fire bats (D)
  A steam dragon (D)
  2 hungry ghosts (D)
  A soldier ant (D)
  A sky beast (D)
  2 swamp drakes (D)
  2 orc warriors (D)
  A crocodile (D)
  A centaur (D)
  A gnoll sergeant (D)
  A scorpion (D)
  A killer bee (D)
  5 wights (D)
  A quasit (D)
  An orc wizard (D)
  A worker ant (D)
  A hell rat (D)
  An adder (D)
  4 gnolls (D)
  2 ufetubi (D)
  An ooze (D)
  2 adder skeletons (D)
  A worm (D)
  6 orcs (D)
  A ball python (D)
  A bat skeleton (D)
  A giant cockroach (D)
  A kobold (D)
  A quokka (D)
  A leopard gecko simulacrum (D)
  A rat (D)
73 creatures vanquished.

Vanquished Creatures (others)
  An orc warrior (D)
1 creature vanquished.

Grand Total: 74 creatures vanquished

Notes
Turn   | Place    | Note
-------+----------+-------------------------------------------
     0 | D        | Kidiri the Minotaur Abyssal Knight began the quest for the Orb.
     0 | D        | Reached XP level 1. HP: 19/19 MP: 1/1
    50 | D        | Found a bloodstained altar of Trog.
    50 | D        | Found a deep blue altar of Sif Muna.
    50 | D        | Found a viscous altar of Jiyva.
    50 | D        | Found a hazy altar of Hepliaklqana.
    50 | D        | Found an opulent altar of Gozag.
    51 | D        | Found a glowing golden altar of the Shining One.
    51 | D        | Found a glowing silver altar of Zin.
    51 | D        | Found a basalt altar of Yredelemnul.
    51 | D        | Found a shimmering altar of Xom.
    51 | D        | Found an ornate altar of the Wu Jian Council.
    51 | D        | Found a sacrificial altar of Ru.
    51 | D        | Found a stormy altar of Qazlal.
    51 | D        | Found an iron altar of Okawaru.
    51 | D        | Found a sparkling altar of Nemelex Xobeh.
    51 | D        | Found a burning altar of Makhleb.
    51 | D        | Found a blossoming altar of Fedhas.
    51 | D        | Found a white marble altar of Elyvilon.
    51 | D        | Found a shadowy altar of Dithmenos.
    51 | D        | Found a snail-covered altar of Cheibriados.
    53 | D        | Found a radiant altar of Vehumet.
    53 | D        | Found a corrupted altar of Lugonu.
    53 | D        | Found a roughly hewn altar of Beogh.
    54 | D        | Found a hide-covered altar of Uskayaw.
    54 | D        | Found an ancient bone altar of Kikubaaqudgha.
    54 | D        | Found a shattered altar of Ashenzari.
    70 | D        | Reached ** piety under Lugonu
    75 | D        | Reached skill level 1 in Throwing
    75 | D        | Reached XP level 2. HP: 14/28 MP: 2/2
   337 | D        | Reached *** piety under Lugonu
   338 | D        | Reached XP level 3. HP: 34/34 MP: 3/3
   427 | D        | Noticed a deep elf mage
   428 | D        | Noticed a hungry ghost
   428 | D        | Noticed a gnoll sergeant
   430 | D        | Noticed a fire bat
   456 | D        | Killed a deep elf mage
   456 | D        | Reached XP level 4. HP: 29/49 MP: 3/6
   456 | D        | Reached XP level 5. HP: 34/56 MP: 3/7
   456 | D        | Reached XP level 6. HP: 37/62 MP: 3/8
   465 | D        | Reached **** piety under Lugonu
   477 | D        | Killed a hungry ghost
   477 | D        | Reached skill level 5 in Invocations
   477 | D        | Reached XP level 7. HP: 63/70 MP: 4/9
   493 | D        | Reached skill level 5 in Throwing
   500 | D        | Reached ***** piety under Lugonu
   519 | D        | Killed a fire bat
   519 | D        | Reached skill level 10 in Fighting
   519 | D        | Reached XP level 8. HP: 24/79 MP: 8/11
   806 | D        | Reached ****** piety under Lugonu
   815 | D        | Noticed a black mamba
   815 | D        | Noticed Joseph
   827 | D        | Killed a black mamba
   827 | D        | Reached skill level 10 in Axes
   827 | D        | Reached skill level 10 in Armour
   843 | D        | Killed Joseph
   872 | D        | Gained mutation: Your system is resistant to poisons. (rPois) [potion of mutation]
   872 | D        | Gained mutation: You have sharp toenails. [potion of mutation]
   872 | D        | Gained mutation: You are frail. (-10% HP) [potion of mutation]
   872 | D        | Gained mutation: You are resistant to electric shocks. (rElec) [potion of mutation]
  1206 | D        | Reached skill level 10 in Dodging
  1224 | D        | Noticed a black mamba
  1224 | D        | Noticed a kobold demonologist
  1224 | D        | Noticed an orange demon
  1226 | D        | Reached XP level 9. HP: 75/80 MP: 11/13
  1231 | D        | Killed an orange demon
  1231 | D        | Killed a kobold demonologist
  1233 | D        | Killed a black mamba
  1427 | D        | Noticed an ice devil
  1436 | D        | Killed an ice devil
  1524 | D        | Noticed a death yak
  1525 | D        | Noticed a demonic crawler
  1525 | D        | Noticed a hellwing
  1545 | D        | HP: 3/81 [death yak (15)]
  1552 | D        | Killed a demonic crawler
  1557 | D        | Killed a hellwing
  1557 | D        | Reached XP level 10. HP: 59/90 MP: 12/14
  1559 | D        | Killed a death yak
  1809 | D        | HP: 2/90 [freezing wraith (9)]
  2116 | D        | Noticed an orc high priest
  2116 | D        | Noticed an orc sorcerer
  2116 | D        | Noticed a fire crab
  2117 | D        | Noticed a rust devil
  2122 | D        | Killed an orc sorcerer
  2166 | D        | Killed an orc high priest
  2166 | D        | Killed a fire crab
  2198 | D        | Got the ring "Duhahul" {Wiz Str+3 Int+3 SInv}
  2522 | D        | Noticed a gargoyle
  2522 | D        | Noticed a deep elf mage
  2523 | D        | Noticed a molten gargoyle
  2523 | D        | Noticed a smoke demon
  2523 | D        | Noticed Eustachio
  2545 | D        | Reached XP level 11. HP: 77/99 MP: 16/16
  2555 | D        | Killed a deep elf mage
  2579 | D        | HP: 2/99 [molten gargoyle/bolt of magma (20)]
  2580 | D        | Killed from afar by a molten gargoyle

Vault maps used:
D:        pitsprint

Skill      XL: |  1  2  3  4  5  6  7  8  9 10 11 |
---------------+----------------------------------+-----
Fighting       | 4 8 9 10 11 12 14 | 14.6
Axes           | 3 4 8 9 11 12 14 | 14.5
Armour         | 3 4 8 9 11 12 14 | 14.4
Dodging        | 2 3 7 8 10 11 13 | 13.3
Invocations    | 2 4 5 6 7 8 9 |  9.1
Throwing       | 1 4 5 6 7 8 |  8.8

Action                   |  1- 3 |  4- 6 |  7- 9 | 10-12 || total
-------------------------+-------+-------+-------+-------++-------
Melee: Hand axe          |    35 |    14 |    69 |       ||   118
       Headbutt          |     5 |     1 |    18 |    17 ||    41
       War axe           |       |       |    46 |   106 ||   152
       Kick              |       |       |    18 |    27 ||    45
Invok: Bend Space        |       |     1 |     3 |     5 ||     9
  Use: Potion            |       |     1 |    10 |     2 ||    13
  Eat: Fruit             |       |       |    11 |       ||    11
       Chunk             |       |       |     2 |       ||     2
Armor: Ring mail         |     9 |     4 |    19 |       ||    32
       Leather armour    |     1 |       |       |       ||     1
       Plate armour      |       |       |    88 |    67 ||   155
Dodge: Dodged            |    30 |     9 |    92 |    73 ||   204

Table legend:
 A = Spawn XP
 B = Non-spawn XP
 C = Spawn XP percentage of total XP
 D = Spawn monster count
 E = Non-spawn monster count
 F = Spawn count percentage of total count
 G = Total turns spent on level
                    A         B        C        D         E        F      G
               +---------+---------+-------+---------+---------+-------+---------
         Total |       0 |   12705 |   0.0 |       0 |      74 |   0.0 |  2580
               +---------+---------+-------+---------+---------+-------+---------
             D |       0 |   12705 |   0.0 |       0 |      74 |   0.0 |  2580
               +---------+---------+-------+---------+---------+-------+---------
